 Dungeon Crawl Stone Soup version 0.27.1-34-g3ba077fa99 (webtiles) character file.

Game seed: 10977356199635555990

251865 LLlMATKO the Tortoise (level 19, -7/270 HPs)
             Began as a Minotaur Berserker on Jan 22, 2022.
             Was the Champion of Trog.
             Mangled by a green very ugly thing (14 damage)
             ... summoned by a glowing orange brain
             ... on level 3 of the Vaults.
             The game lasted 01:27:34 (59368 turns).

LLlMATKO the Tortoise (Minotaur Berserker)         Turns: 59368, Time: 01:27:34

Health: -7/270     AC: 32    Str: 22      XL:     19   Next: 33%
Magic:  0/18       EV: 17    Int:  1 (4)  God:    Trog [******]
Gold:   3762       SH: 16    Dex: 18      Spells: 18/18 levels left

rFire    + . .     SeeInvis +   w - +5 broad axe (spect)
rCold    . . .     Faith    .   Z - +0 kite shield {reflect}
rNeg     . . .     Spirit   +   I - +3 plate armour {rF+}
rPois    +         Reflect  +   N - +4 hat of Compression {rElec SInv Stlth+}
rElec    +         Harm     .   f - +0 cloak {Will+}
rCorr    .         Rampage  .   F - +0 pair of gloves
Will     ++...                  s - +0 pair of boots
Stlth    ..........             a - amulet of guardian spirit
HPRegen  0.55/turn              d - ring of poison resistance
MPRegen  0.16/turn              e - ring of see invisible

@: berserking, studying 2 skills, very quick
A: horns 2, retaliatory headbutt
}: 1/15 runes: gossamer
a: Renounce Religion, Berserk, Trog's Hand, Brothers in Arms


You were on level 3 of the Vaults.
You worshipped Trog.
Trog was exalted by your worship.
You visited 6 branches of the dungeon, and saw 33 of its levels.
You visited 1 bazaar.
You also visited: Sewer.

You collected 4677 gold pieces.
You spent 915 gold pieces at shops.

Inventory:

Hand Weapons
 q - the +3 hand crossbow of the Chain {elec, rPois Dex+7}
   (You bought it in a shop on level 2 of the Orcish Mines)

   Any ammunition fired from it occasionally discharges a powerful burst of
   electricity upon striking a foe.
   Dex:       It affects your dexterity (+7).
   rPois:     It protects you from poison.
 w - a +5 spectral broad axe (weapon)
 y - the +7 morningstar of Wu Jian's Scorn {antimagic, rCorr}
   (You found it on level 14 of the Dungeon)

   It reduces the magical energy of the wielder, and disrupts the spells and
   magical abilities of those it strikes.
   Natural abilities and divine invocations are not affected.
   rCorr:     It protects you from acid and corrosion.
 B - the +9 hand axe of Wisdom {drain, rElec}
   (You found it on level 14 of the Dungeon)

   A truly terrible weapon, it drains the life of any living foe it strikes.
   rElec:     It insulates you from electricity.
 S - a +2 demon whip of electrocution
Missiles
 c - 3 throwing nets
 g - 6 curare-tipped darts (quivered)
 m - 6 silver javelins
 x - 370 bolts
 D - 6 datura-tipped darts
Armour
 f - a +0 cloak of willpower (worn)
 s - a +0 pair of boots (worn)
 F - a +0 pair of gloves (worn)
 H - a +1 plate armour of cold resistance
 I - a +3 plate armour of fire resistance (worn)
 K - a +0 tower shield
 N - the +4 hat of Compression (worn) {rElec SInv Stlth+}
   (You acquired it on level 3 of the Spider Nest)

   rElec:     It insulates you from electricity.
   SInv:      It lets you see invisible.
   Stlth:     It makes you more stealthy.
 U - the +13 plate armour of the Lion {Contam rN+++ Str+4 SInv}
   (You found it on level 4 of the Spider Nest)

   Str:       It affects your strength (+4).
   rN:        It renders you almost immune to negative energy.
   SInv:      It lets you see invisible.
   Contam:    It causes magical contamination when unequipped.
 Z - a +0 kite shield of reflection (worn)
Jewellery
 a - an amulet of guardian spirit (around neck)
 d - a ring of poison resistance (left hand)
 e - a ring of see invisible (right hand)
 v - a ring of protection from cold
 A - a ring of flight
 M - a ring of ice
 Y - a ring of fire
Wands
 i - a wand of flame (88)
 o - a wand of iceblast (65)
 t - a wand of acid (38)
Scrolls
 b - 22 scrolls of identify
 h - 3 scrolls of enchant armour
 n - 15 scrolls of teleportation
 u - 2 scrolls of fog
 G - 2 scrolls of blinking
 J - 2 scrolls of magic mapping
 O - a scroll of silence
 X - a scroll of fear
Potions
 j - 15 potions of ambrosia
 k - 3 potions of haste
 l - 20 potions of curing
 p - 3 potions of magic
 r - 4 potions of might
 z - 8 potions of flight
 C - 2 potions of cancellation
 E - a potion of berserk rage
 L - a potion of mutation {unknown}
 Q - 4 potions of resistance
 R - 4 potions of heal wounds
 T - 3 potions of invisibility


   Skills:
 + Level 18.4 Fighting
 - Level 18.0(18.4) Axes
 + Level 8.0(14.1) Maces & Flails
 - Level 10.0 Crossbows
 + Level 20.3 Armour
 + Level 18.7 Dodging
 + Level 19.3 Shields


You had 18 spell levels left.
You didn't know any spells.
Your spell library contained the following spells:

 Spells                   Type           Power      Damage    Failure   Level
 Wereblood                Tmut           0%         N/A       100%        2
 Ignite Poison            Fire/Tmut/Pois 0%         N/A       100%        3
 Statue Form              Tmut/Erth      0%         N/A       100%        6
 Necromutation            Tmut/Necr      0%         N/A       100%        8


Dungeon Overview and Level Annotations

Branches:
Dungeon (15/15)            Temple (0/1) D:4            Lair (6/6) D:9
 Shoals (3/4) Lair:4       Spider (4/4) Lair:4        Slime (0/5) Lair:5
    Orc (2/2) D:11            Elf (0/3) Orc:2        Vaults (3/5) D:14
  Crypt (0/3) Vaults:2     Depths (0/5) D:15          Sewer (visited)

Altars:
Ashenzari
Cheibriados
Dithmenos
Elyvilon
Fedhas
Kikubaaqudgha
Makhleb
Nemelex Xobeh
Qazlal
Trog
Uskayaw
Vehumet
Wu Jian
Zin
The Shining One
Beogh

Shops:
D:3 !   Orc:1 (   Orc:2 [=*(   Vaults:2 [


Innate Abilities, Weirdness & Mutations

You have a pair of horns on your head.
You reflexively headbutt those who attack you in melee.


Message History

The deep troll is moderately wounded.
You slash the green very ugly thing!
You closely miss the purple very ugly thing.
You block the green very ugly thing's attack.
Unknown command.
You slash the deep troll!
The deep troll is heavily wounded.
You closely miss the purple very ugly thing.
You slash the green very ugly thing!
Your +5 spectral broad axe hits the purple very ugly thing!
The purple very ugly thing claws you!!
* * * LOW HITPOINT WARNING * * *
You block the deep troll's attack. The deep troll misses you.
You block the deep troll's attack.
You barely miss the deep troll.
The deep troll is heavily wounded.
You slash the green very ugly thing!
You closely miss the purple very ugly thing.
The glowing orange brain pulsates.
You feel dopey. Something feeds on your intellect!
You block the green very ugly thing's attack.
You slash the deep troll!
The deep troll is severely wounded.
You hit the purple very ugly thing.
You barely miss the green very ugly thing.
Your +5 spectral broad axe hits the purple very ugly thing!
The purple very ugly thing claws you.
* * * LOW HITPOINT WARNING * * *
You block the deep troll's attack. x2
The deep troll claws you but does no damage.
You slash the deep troll!
You kill the deep troll!
The deep troll's corpse dissolves into shadows!
You barely miss the green very ugly thing.
You barely miss the purple very ugly thing.
Your +5 spectral broad axe closely misses the green very ugly thing.
Your +5 spectral broad axe hits the glowing orange brain!
The glowing orange brain blinks!
The green very ugly thing engulfs you!
You die...

######### #.......#
#.......# ####### #######
#.......# #[+.+.# #.))+.#
#...<...# ###.#######.###
#.......# #u(§..))).#
#.......# ###@###.###)###
#####+########.+u§[#.#(+)+.#
#..........u########.#######
#.....(.(.uT[Tu....))#
#..###'###.T########)#######
#.. #..##.'.'.#.#.'.'.# #.
#.T####.###.###.### # #..#
#.........#
#..####.#######.###


You could see 2 very ugly things and a friendly +5 spectral broad axe
(summoned).

Vanquished Creatures
  Rupert (Lair:5)
  A sphinx (Vaults:2)
  Kirke (Lair:4)
  Agnes (Spider:1)
  A tengu reaver (Vaults:2)
  Roxanne (Shoals:1)
  The ghost of Yjimoseergh the Spry, an adept SpFE of Dithmenos (Vaults:1)
  Donald (Spider:1)
  4 emperor scorpions (Spider:4)
  Aizul (Spider:1)
  7 ghost moths
  4 orc warlords
  8 vault wardens
  A curse skull (Vaults:2)
  A stone giant (D:15)
  4 very ugly things (Vaults:1)
  11 ironbound preservers
  2 entropy weavers
  3 spark wasps (Spider:4)
  A deep elf death mage (Vaults:3)
  3 ettins
  A jiangshi (Vaults:2)
  A merfolk impaler (Shoals:2)
  A fire dragon (Lair:6)
  2 yaktaur captains
  An ice dragon (D:13)
  Josephine (Spider:1)
  4 great orbs of eyes
  Fannar (D:11)
  6 ironbound frosthearts
  3 catoblepae
  4 ironbound thunderhulks
  A vault guard (Vaults:1)
  3 boulder beetles
  11 hydras
  20 centaur warriors
  2 merfolk aquamancers
  An ogre mage (D:13)
  2 merfolk avatars (Shoals:2)
  A death knight (D:14)
  6 dancing weapons (D:14)
  A tengu warrior (D:9)
  8 two-headed ogres
  2 orc high priests (Orc:2)
  An ironbound beastmaster (Vaults:1)
  A hell knight (Vaults:3)
  A fire crab (Lair:6)
  9 skeletal warriors
  33 deep trolls
  6 sea snakes
  6 wizards
  A phantasmal warrior (D:14)
  A lindwurm (Vaults:1)
  6 ironbound convokers
  11 orc knights
  A harpy (shapeshifter) (D:14)
  3 deep elf pyromancers
  14 orb spiders
  9 harpies
  4 fauns (Shoals:1)
  30 wolf spiders
  6 oklob plants
  4 orc sorcerers (Orc:2)
  11 ugly things
  5 cyclopes
  7 manticores
  4 moths of wrath
  3 merfolk sirens (Shoals:1)
  11 vault sentinels
  9 black mambas
  An ice statue (D:12)
  A water nymph (Shoals:2)
  3 molten gargoyles (Lair:6)
  7 cane toads
  A guardian serpent (shapeshifter) (D:14)
  An unseen horror (D:13)
  12 komodo dragons
  4 efreet
  17 demonic crawlers
  A kobold demonologist (D:13)
  2 torpor snails
  Psyche (D:8)
  9 yaktaurs
  4 rime drakes
  2 tengu conjurers
  3 polar bears
  A queen bee (Orc:1)
  7 trolls
  29 jumping spiders
  7 merfolk
  5 wind drakes
  9 hornets
  8 blink frogs
  A snapping turtle (Shoals:1)
  39 slime creatures
  4 dream sheep (Shoals:1)
  A centaur simulacrum (D:15)
  A shadow (D:12)
  8 wyverns
  A vampire (D:10)
  9 water elementals
  46 redbacks
  56 yaks
  10 wraiths
  A human (shapeshifter) (D:13)
  3 steam dragons
  A human (Lair:4)
  26 tarantellas
  7 basilisks
  5 wargs
  A vampire mosquito (D:13)
  2 acid dragons
  18 water moccasins
  4 hell hounds (Lair:6)
  A floating eye (shapeshifter) (Vaults:1)
  An ice beast (D:3)
  A sky beast (D:5)
  Purgy (Sewer)
  40 orc warriors
  8 black bears
  3 boggarts (D:14)
  6 ogres
  10 wolves
  11 centaurs
  2 phantoms
  13 bullfrogs
  A gnoll sergeant (Orc:2)
  5 scorpions
  A water moccasin zombie (D:5)
  A wyvern skeleton (D:7)
  30 killer bees
  8 wights
  2 electric eels
  2 howler monkeys
  5 lava snakes (Lair:6)
  2 hounds (D:5)
  3 centaur zombies
  2 bullfrog zombies
  2 centaur skeletons
  22 orc priests
  A jelly (D:4)
  4 iguanas
  26 orc wizards
  4 hell rats (Lair:2)
  A howler monkey zombie (D:8)
  6 adders
  7 gnolls
  A howler monkey skeleton (D:7)
  A river rat (D:3)
  3 shadow imps
  3 ufetubi
  4 worms
  2 dart slugs
  84 orcs
  A bat skeleton (D:2)
  6 endoplasms
  7 giant cockroaches
  12 goblins
  11 hobgoblins
  2 jackals (D:1)
  4 quokkas
  6 ball pythons
  14 bats
  6 frilled lizards
  7 kobolds
  A quokka skeleton (D:2)
  9 rats
1133 creatures vanquished.

Vanquished Creatures (collateral kills)
  A vault warden (Vaults:1)
  The ghost of superiop the Grappler, a journeyman TrBe of Trog (Orc:2)
  2 orc high priests (Orc:2)
  An ogre (Orc:2)
5 creatures vanquished.

Vanquished Creatures (others)
  A deep elf pyromancer (D:13)
  A cane toad (Lair:5)
  2 humans (Lair:4)
  A water moccasin (Lair:4)
  A gnoll (Orc:1)
  A shadow imp (D:8)
  19 fungi
  82 plants
108 creatures vanquished.

Grand Total: 1246 creatures vanquished

Notes
Turn   | Place    | Note
-------+----------+-------------------------------------------
     0 | D:1      | LLlMATKO the Minotaur Berserker began the quest for the
                  | Orb.
     0 | D:1      | Reached XP level 1. HP: 19/19 MP: 0/0
    12 | D:1      | Found a faded altar of an unknown god.
   358 | D:1      | Reached XP level 2. HP: 21/27 MP: 1/1
   618 | D:1      | Reached ** piety under Trog
   912 | D:1      | Reached XP level 3. HP: 32/33 MP: 2/2
   914 | D:1      | Reached skill level 3 in Armour
  1372 | D:2      | Found a burning altar of Makhleb.
  2109 | D:2      | Reached XP level 4. HP: 39/40 MP: 3/3
  2173 | D:3      | Identified a scroll of acquirement
  2173 | D:3      | Acquired a manual of Axes
  2364 | D:3      | Found a glowing drain.
  2368 | Sewer    | Entered a sewer
  2391 | Sewer    | Noticed Purgy
  2418 | Sewer    | Killed Purgy
  2419 | Sewer    | Reached skill level 5 in Axes
  2419 | Sewer    | Reached XP level 5. HP: 47/47 MP: 4/4
  2541 | D:3      | Found a radiant altar of Vehumet.
  2824 | D:3      | Found an ancient bone altar of Kikubaaqudgha.
  2867 | D:3      | Found a glowing golden altar of the Shining One.
  2880 | D:3      | Noticed an ice beast
  2887 | D:3      | Killed an ice beast
  2888 | D:3      | Reached skill level 5 in Fighting
  2888 | D:3      | Reached skill level 4 in Armour
  2888 | D:3      | Reached XP level 6. HP: 56/56 MP: 5/5
  2914 | D:3      | Reached *** piety under Trog
  3508 | D:3      | Found Ocolu's Distillery.
  3736 | D:4      | Found a staircase to the Ecumenical Temple.
  4252 | D:4      | Found a snail-covered altar of Cheibriados.
  4299 | D:4      | Found a blossoming altar of Fedhas.
  4345 | D:4      | Reached XP level 7. HP: 62/62 MP: 6/6
  4407 | D:4      | Reached skill level 5 in Armour
  4481 | D:4      | Found a bloodstained altar of Trog.
  4869 | D:1      | Found a faded altar of an unknown god.
  5362 | D:4      | Found a sparkling altar of Nemelex Xobeh.
  5827 | D:5      | Entered Level 5 of the Dungeon
  5994 | D:5      | You fall into a shaft and drop 3 floors!
  6006 | D:8      | Reached skill level 5 in Dodging
  6071 | D:8      | Found a white marble altar of Elyvilon.
  6094 | D:8      | Reached XP level 8. HP: 56/71 MP: 7/7
  6096 | D:8      | Reached **** piety under Trog
  6097 | D:8      | Reached skill level 6 in Armour
  6632 | D:5      | Found a glowing silver altar of Zin.
  6755 | D:5      | Reached skill level 1 in Shields
  6809 | D:5      | Reached skill level 7 in Armour
  7091 | D:5      | Reached skill level 10 in Axes
  7240 | D:5      | Reached XP level 9. HP: 75/81 MP: 8/8
  7557 | D:6      | Found a shadowy altar of Dithmenos.
  7843 | D:6      | Reached skill level 8 in Armour
  8270 | D:6      | Found a shadowy altar of Dithmenos.
  9439 | D:7      | Reached skill level 5 in Shields
  9944 | D:8      | Reached XP level 10. HP: 91/91 MP: 9/9
 10112 | D:8      | Noticed Psyche
 10122 | D:8      | Killed Psyche
 10164 | D:8      | Found a broken altar of Ashenzari.
 10168 | D:8      | Saw a vision of the Shoals and the Spider Nest.
 10168 | D:8      | Noticed a sea snake
 10168 | D:8      | Noticed a merfolk siren
 10169 | D:8      | Noticed a merfolk siren
 10187 | D:8      | Reached ***** piety under Trog
 10371 | D:8      | Reached skill level 9 in Armour
 10754 | D:8      | Found a stormy altar of Qazlal.
 10807 | D:8      | Found a broken altar of Ashenzari.
 10861 | D:8      | Found a white marble altar of Elyvilon.
 11454 | D:9      | Received a gift from Trog
 11631 | D:9      | Found an ornate altar of the Wu Jian Council.
 11634 | D:9      | Noticed a tengu warrior
 11643 | D:9      | Killed a tengu warrior
 11644 | D:9      | Reached skill level 10 in Fighting
 11773 | D:9      | Found a staircase to the Lair.
 11900 | D:10     | Entered Level 10 of the Dungeon
 11901 | D:10     | Noticed a two-headed ogre
 11908 | D:10     | Killed a two-headed ogre
 11909 | D:10     | Reached XP level 11. HP: 69/99 MP: 10/10
 12699 | D:10     | Noticed a two-headed ogre
 12713 | D:10     | Reached skill level 10 in Armour
 12729 | D:10     | Killed a two-headed ogre
 13256 | D:10     | Noticed a two-headed ogre
 13264 | D:10     | Killed a two-headed ogre
 13730 | D:11     | Found a staircase to the Orcish Mines.
 13807 | D:11     | Noticed an orc knight
 13856 | D:11     | Killed an orc knight
 14460 | D:11     | Noticed Fannar
 14478 | D:11     | Killed Fannar
 14479 | D:11     | Reached skill level 10 in Dodging
 14744 | D:11     | Noticed a centaur warrior
 14755 | D:11     | Killed a centaur warrior
 14953 | D:12     | Noticed a two-headed ogre
 14962 | D:12     | Killed a two-headed ogre
 14963 | D:12     | Reached skill level 11 in Armour
 15072 | D:12     | Reached XP level 12. HP: 108/110 MP: 11/11
 15086 | D:12     | Noticed a centaur warrior
 15105 | D:12     | Killed a centaur warrior
 15225 | D:12     | Noticed a two-headed ogre
 15237 | D:12     | Killed a two-headed ogre
 15521 | D:12     | Noticed a two-headed ogre
 15527 | D:12     | Killed a two-headed ogre
 15527 | D:12     | Received a gift from Trog
 15828 | D:12     | Found a gateway to a bazaar.
 15869 | Bazaar   | Entered a bazaar
 15869 | Bazaar   | Found Fipsist's Assorted Antiques.
 15869 | Bazaar   | Found Qiabel's Antique Weapon Boutique.
 15869 | Bazaar   | Found Zonit's Jewellery Shop.
 15869 | Bazaar   | Found Useickih's Antique Armour Shop.
 15869 | Bazaar   | Found Noneirryany's Antique Armour Boutique.
 15886 | Bazaar   | Bought an amulet of reflection for 480 gold pieces
 15895 | Bazaar   | Bought a runed hand crossbow for 195 gold pieces
 16253 | D:12     | Reached skill level 1 in Crossbows
 16927 | D:13     | Noticed a centaur warrior
 16929 | D:13     | Killed a centaur warrior
 16929 | D:13     | Noticed a centaur warrior
 16930 | D:13     | Reached skill level 15 in Axes
 16930 | D:13     | Killed a centaur warrior
 17456 | D:13     | Noticed a catoblepas
 17463 | D:13     | Killed a catoblepas
 17463 | D:13     | Noticed a centaur warrior
 17464 | D:13     | Reached skill level 10 in Shields
 17466 | D:13     | Killed a centaur warrior
 17468 | D:13     | Noticed a four-headed hydra
 17468 | D:13     | Noticed an ice dragon
 17617 | D:13     | Noticed a centaur warrior
 17622 | D:13     | Killed a centaur warrior
 17698 | D:13     | Reached skill level 12 in Armour
 17946 | D:13     | Noticed a four-headed hydra
 17957 | D:12     | Killed a nine-headed hydra
 18064 | Lair:1   | Entered Level 1 of the Lair of Beasts
 18130 | Lair:1   | Found the +3 warlock's mirror {reflect}
 18286 | Lair:1   | Noticed a seven-headed hydra
 18292 | Lair:1   | Killed a seven-headed hydra
 18293 | Lair:1   | Reached XP level 13. HP: 108/119 MP: 12/12
 20696 | Lair:3   | Reached skill level 5 in Crossbows
 21320 | Lair:4   | Received a gift from Trog
 21381 | Lair:4   | Noticed Kirke
 21391 | Lair:4   | Killed Kirke
 21814 | Lair:4   | Found a staircase to the Shoals.
 22168 | Lair:4   | Found a hole to the Spider Nest.
 22467 | Lair:4   | You fall into a shaft and drop 1 floor!
 22657 | Lair:4   | Found a hole to the Spider Nest.
 22707 | Lair:4   | Found a staircase to the Shoals.
 23634 | Lair:5   | Identified the +2 great mace of the Demagogue {spect, rElec
                  | Dex+2}
 23789 | Lair:5   | Noticed Rupert
 23804 | Lair:5   | Killed Rupert
 24107 | Lair:5   | Reached skill level 13 in Armour
 24181 | Lair:5   | Reached XP level 14. HP: 129/129 MP: 13/13
 24700 | Lair:5   | Found a staircase to the Slime Pits.
 25907 | Lair:6   | Entered Level 6 of the Lair of Beasts
 26878 | Lair:6   | Received a gift from Trog
 28092 | Lair:6   | Found a large runed translucent door.
 28456 | Lair:6   | Found a large runed translucent door.
 30035 | Lair:1   | Acquired a manual of Armour
 30499 | D:13     | Reached skill level 14 in Armour
 30962 | D:13     | Reached XP level 15. HP: 138/138 MP: 14/14
 33003 | D:14     | Found a gate to the Vaults.
 33637 | D:14     | Found a large runed translucent door.
 33637 | D:14     | Found a large runed translucent door.
 33989 | D:14     | Identified the +7 morningstar of Wu Jian's Scorn
                  | {antimagic, rCorr}
 33998 | D:14     | Identified the +9 hand axe of Wisdom {drain, rElec}
 34357 | D:15     | Entered Level 15 of the Dungeon
 34525 | D:15     | Reached skill level 15 in Armour
 34614 | D:15     | Found a hide-covered altar of Uskayaw.
 35814 | D:15     | Found a staircase to the Depths.
 36163 | D:15     | Found a hide-covered altar of Uskayaw.
 36225 | D:15     | Found a staircase to the Depths.
 36496 | Orc:1    | Entered Level 1 of the Orcish Mines
 36630 | Orc:1    | Noticed an orc warlord
 36658 | Orc:1    | Killed an orc warlord
 37355 | Orc:2    | Entered Level 2 of the Orcish Mines
 37421 | Orc:1    | Noticed an orc warlord
 37425 | Orc:2    | Received a gift from Trog
 37986 | Orc:2    | Killed an orc warlord
 38063 | Orc:1    | Paralysed by an orc sorcerer for 6 turns
 38418 | Orc:1    | Found Orrouk Omai's Antique Weapon Emporium.
 38636 | Orc:2    | Found a runed translucent gate.
 38637 | Orc:2    | Found a runed translucent gate.
 38637 | Orc:2    | Noticed superiop's ghost (journeyman TrBe)
 38638 | Orc:2    | Found a runed translucent gate.
 38965 | Orc:2    | Reached skill level 15 in Fighting
 38976 | Orc:2    | Noticed an orc warlord
 39012 | Orc:2    | Killed an orc warlord
 39311 | Orc:2    | Reached XP level 16. HP: 149/149 MP: 15/15
 39425 | Orc:2    | Reached skill level 16 in Armour
 39517 | Orc:2    | Found Atolakoc's Jewellery Shop.
 39526 | Orc:2    | Found Tagocolu's Antique Weapon Shop.
 39576 | Orc:2    | Found Fati's Antique Armour Shop.
 39587 | Orc:2    | Found Qoulup's General Store.
 39645 | Orc:2    | Bought a shimmering hand crossbow for 195 gold pieces
 39645 | Orc:2    | Identified the +3 hand crossbow of the Chain {elec, rPois
                  | Dex+7} (You bought it in a shop on level 2 of the Orcish
                  | Mines)
 39744 | Orc:2    | Found a staircase to the Elven Halls.
 40227 | Orc:2    | Killed superiop's ghost
 40228 | Orc:2    | Received a gift from Trog
 40360 | Orc:2    | Found Tagocolu's Antique Weapon Shop.
 40388 | Orc:2    | Found a staircase to the Elven Halls.
 40551 | Orc:2    | Found Fati's Antique Armour Shop.
 40581 | Orc:2    | Found Qoulup's General Store.
 40589 | Orc:2    | Found Atolakoc's Jewellery Shop.
 41037 | Orc:1    | Found Orrouk Omai's Antique Weapon Emporium.
 41403 | Shoals:1 | Entered Level 1 of the Shoals
 41464 | Shoals:1 | Reached skill level 10 in Crossbows
 42109 | Shoals:1 | Identified Roxanne's Catalogue of Transmutation
 42109 | Shoals:1 | Noticed Roxanne
 43176 | Shoals:1 | Killed Roxanne
 44193 | Shoals:2 | Acquired 868 gold pieces
 45231 | Spider:1 | Entered Level 1 of the Spider Nest
 45294 | Spider:1 | Noticed Josephine
 45296 | Spider:1 | Killed Josephine
 45297 | Spider:1 | Reached skill level 17 in Armour
 45565 | Spider:1 | Noticed Donald
 45569 | Spider:1 | Killed Donald
 46098 | Spider:1 | Noticed Aizul
 46112 | Spider:1 | Killed Aizul
 46838 | Orc:2    | Bought 19 bolts for 45 gold pieces
 47145 | Spider:2 | Noticed Agnes
 47164 | Spider:1 | Killed Agnes
 47680 | Spider:2 | Received a gift from Trog
 48194 | Spider:2 | Reached XP level 17. HP: 142/158 MP: 0/16
 48373 | Spider:2 | Reached skill level 18 in Armour
 48969 | Spider:2 | Reached skill level 15 in Shields
 49340 | Spider:3 | Reached skill level 15 in Dodging
 49478 | Spider:3 | Acquired the +4 hat of Compression {rElec SInv Stlth+}
 49480 | Spider:3 | Acquired a manual of Shields
 49482 | Spider:3 | Acquired a manual of Dodging
 49659 | Spider:4 | Entered Level 4 of the Spider Nest
 50509 | Spider:4 | Reached ****** piety under Trog
 50866 | Spider:4 | Received a gift from Trog
 51064 | Spider:4 | Reached skill level 19 in Armour
 52254 | Spider:4 | Identified the +13 plate armour of the Lion {Contam rN+++
                  | Str+4 SInv}
 52762 | Spider:4 | Received a gift from Trog
 52999 | Spider:4 | Got a gossamer rune of Zot
 53369 | Vaults:1 | Entered Level 1 of the Vaults
 53445 | Vaults:1 | Found a large runed translucent door.
 53445 | Vaults:1 | Found a large runed translucent door.
 53445 | Vaults:1 | Found a large runed translucent door.
 53445 | Vaults:1 | Found a large runed translucent door.
 53445 | Vaults:1 | Noticed Yjimoseergh's ghost (adept SpFE)
 53446 | Vaults:1 | Found a large runed translucent door.
 53446 | Vaults:1 | Found a large runed translucent door.
 53446 | Vaults:1 | Found a large runed translucent door.
 53446 | Vaults:1 | Found a large runed translucent door.
 53592 | Vaults:1 | Reached skill level 1 in Maces & Flails
 53856 | Vaults:1 | You fall into a shaft and drop 1 floor!
 53996 | Vaults:2 | Reached XP level 18. HP: 63/170 MP: 17/17
 54866 | Vaults:1 | Noticed an iron giant
 54866 | Vaults:1 | an iron dragon changed into an iron giant
 54870 | Vaults:1 | Noticed a caustic shrike
 54870 | Vaults:1 | an iron giant changed into a caustic shrike
 54873 | Vaults:1 | a caustic shrike changed into an iron dragon
 54876 | Vaults:1 | Noticed a caustic shrike
 54876 | Vaults:1 | an iron dragon changed into a caustic shrike
 55395 | Vaults:1 | Received a gift from Trog
 55601 | Vaults:1 | Reached skill level 5 in Maces & Flails
 55862 | Vaults:1 | Killed Yjimoseergh's ghost
 56635 | Vaults:2 | Reached skill level 20 in Armour
 56918 | Vaults:2 | Found Galal's Armour Boutique.
 57001 | Vaults:2 | Identified the +1 chain mail "Saazosue" {rF+ rN+}
 57426 | Vaults:2 | Found a staircase to the Crypt.
 57696 | Vaults:2 | Reached XP level 19. HP: 174/179 MP: 16/18
 58009 | Vaults:2 | Received a gift from Trog
 59365 | Vaults:3 | HP: 11/270 [purple very ugly thing[a glowing orange brain]
                  | (19)]
 59368 | Vaults:3 | Mangled by a green very ugly thing

Illustrated notes

Levels and vault maps discovered:
D:1:      heliophobic_arrival_enchanted_forest, layout_rooms,
          ebering_ecumenical_altar_hall
D:2:      layout_basic, basic_altar, amcnicky_mini_corridor_feature,
          grunt_ministairs_15, grunt_decor_resistance, kennysheep_another_room,
          minmay_tetromino_t4
D:3:      layout_basic, mainiacjoe_overflow_chevrons, overflow_temple_1_default,
          tso_metal_star, gup_sewer_entry_bowl, serial_shops,
          nicolae_lakefront_shop, kennysheep_generic_room_16
D:4:      layout_layer_cave, trog_hazing_becter, slow_altar_1,
          amcnicky_altar_gilded, fedhas_altar_2,
          minmay_temple_entry_statues_fountains, minmay_unequal
D:5:      layout_cave_pods, overflow_temple_1_default,
          nicolae_ossuary_entry_monument, serial_column_ruins,
          column_ruins_grid_2, column_ruins_corridor_straight,
          column_ruins_open_large, column_ruins_open_small,
          column_ruins_columns_dead_end, minmay_misc_feat_secret_circle
D:6:      layout_loops_ring, nicolae_overflow_crystal_walls,
          grunt_decor_junction, bh_walls_and_bars
D:7:      layout_loops_ring, serial_aquarium, aquarium_bridge_island_small
          [aquarium_subvault_small_water, aquarium_subvault_wall,
          aquarium_subvault_wall, aquarium_subvault_balcony,
          aquarium_subvault_bridge], aquarium_window_corridor_3,
          aquarium_window_fake, aquarium_view_2b, aquarium_pool_2,
          kennysheep_dice
D:8:      layout_cave_pools, elyvilon_altar_3, grunt_ashenzari_visionary
          [grunt_ashenzari_visionary_shoals, grunt_ashenzari_visionary_spider],
          marbit_many_paths, uniq_psyche
D:9:      layout_irregular_city, general_overflow_altar, david_lair_shrubbed,
          nrook_uturn
D:10:     layout_loops_ring, kennysheep_opposing_triangles
D:11:     layout_basic, david_orc_5, uniq_fannar
D:12:     layout_roguey, serial_shops, statue_bzr
D:13:     minmay_big_diamond_grid, layout_basic
D:14:     doesnt_quadruple_sword, layout_cave_pods, erik_vaults_1,
          minmay_misc_feat_ornament
D:15:     grunt_enter_depths_giant_problem, layout_long_grid,
          nicolae_uskayaw_dance_hall, minivault_24, minmay_misc_feat_rows
Lair:1:   layout_roguey
Lair:2:   layout_long_grid, grunt_megastairs_2, minmay_lair_oklob_chamber
Lair:3:   layout_roguey, chequers_serial_rivers_small_b, beast_lair_carwin_4
Lair:4:   layout_hall_layers, minmay_shoals_entry_beasts, dummy_spider_entry,
          lemuel_fruit_tree, uniq_kirke
Lair:5:   layout_roguey, minmay_slime_entry_oklob_enclosed, minivault_27,
          grunt_forest_small_clearing_treed, uniq_rupert
Lair:6:   cheibrodos_lair_end_hotspot, layout_cellular_growth, lookout_lair_type
Shoals:1: layout_shoals, uniq_roxanne
Shoals:2: layout_shoals, nicolae_shoals_stone_sculpture_thing
Shoals:3: layout_shoals, uniq_ilsuiw
Spider:1: layout_spider_delve, drop_trap, uniq_aizul, uniq_donald,
          uniq_josephine
Spider:2: layout_spider_delve, uniq_agnes
Spider:3: layout_spider_delve
Spider:4: grunt_spider_rune_island, nicolae_spider_circle_web
Orc:1:    layout_caves, special_room [special_room_bee], abandoned_shop,
          lemuel_statue_altar, guppyfry_orc_lava_fort
Orc:2:    grunt_orc_cross, layout_diamond_mine, gammafunk_ghost_split,
          abandoned_shop
Vaults:1: advil_vaults_ghost_lines, vaults_room_corners, vaults_mumra_lcd,
          nicolae_vaults_little_squares_2, ontoclasm_vaults_bender,
          dpeg_vaults_monster_row, vaults_room_semicircle,
          nicolae_vaults_bisected_slash, v_misc_1, vaults_mumra_minichess,
          v_misc_4, hangedman_vaults_locks, layout_vaults_maze_bifur
Vaults:2: minmay_crypt_entry_simple_round, nicolae_vaults_circle_grid_b,
          nicolae_vaults_murderbox, v_misc_14, ontoclasm_vaults_pinch,
          grunt_vaults_swirl, nicolae_vaults_network_s, hangedman_vaults_slice,
          nicolae_vaults_border_crossing, v_misc_25, v_rooms_3,
          ontoclasm_vaults_twist, hangedman_vaults_trim, layout_vaults_ring,
          serial_shops, nicolae_shop_trees
Vaults:3: v_misc_32, nicolae_vaults_three_branches,
          nicolae_vaults_windows_and_doors_thing,
          nicolae_vaults_branching_niches, nicolae_vaults_little_squares_1,
          vaults_room_mumra_shop_pool, hangedman_vaults_maws,
          nicolae_vaults_diagonal_hallway_7, vaults_dpeg_encased_lava,
          hangedman_vaults_trim, nicolae_vaults_alarming,
          layout_vaults_omnicross, serial_shops, shop_fountains

Skill      XL: |  1  2  3  4  5  6  7  8  9 10 11 12 13 14 15 16 17 18 19 |
---------------+----------------------------------------------------------+-----
Fighting       | 4 5 6 7 9 10 11 12 13 14 15 16 17 18 | 18.4
Axes           | 4 5 6 8 10 11 13 14 15 16 17 18 | 18.0
Armour         | 3 4 5 7 8 9 11 12 13 14 15 17 19 20 | 20.3
Dodging        | 3 4 5 6 7 9 10 11 12 13 14 16 18 | 18.7
Shields        | 2 5 7 9 10 11 12 13 14 17 18 19 | 19.3
Crossbows      | 3 6 8 9 10 | 10.0
Maces & Flails | 1 6 8 |  8.0

Action                   |  1- 3 |  4- 6 |  7- 9 | 10-12 | 13-15 | 16-18 | 19-21 || total
-------------------------+-------+-------+-------+-------+-------+-------+-------++-------
Melee: Hand axe          |    74 |       |       |       |   115 |       |       ||   189
       Headbutt          |    15 |    11 |    55 |   126 |   158 |   171 |    31 ||   567
       War axe           |    26 |    89 |   111 |    35 |       |       |       ||   261
       Spear             |       |       |     7 |       |       |       |       ||     7
       Whip              |       |       |   152 |    63 |    40 |       |       ||   255
       Broad axe         |       |       |       |   376 |   489 |   655 |    97 ||  1617
       Unarmed           |       |       |       |     4 |       |       |       ||     4
       Hand crossbow     |       |       |       |       |     3 |       |       ||     3
       Morningstar       |       |       |       |       |     4 |       |       ||     4
 Fire: Hand crossbow     |       |       |       |    47 |   925 |  1038 |    99 ||  2109
Throw: Stone             |       |       |     9 |       |       |       |       ||     9
       Boomerang         |       |       |     1 |    14 |       |       |       ||    15
       Dart              |       |       |       |    49 |     3 |       |       ||    52
Invok: Berserk           |     1 |     4 |     7 |    15 |    22 |    19 |     2 ||    70
       Trog's Hand       |       |       |       |       |     1 |     2 |       ||     3
       Brothers in Arms  |       |       |       |       |       |     3 |       ||     3
  Use: Scroll            |       |     3 |     3 |    15 |     9 |     9 |       ||    39
 Stab: Sleeping          |     1 |       |       |       |       |       |       ||     1
       Held in net/web   |       |       |       |       |       |     1 |       ||     1
       Distracted        |       |       |       |       |       |    11 |       ||    11
Armor: Animal skin       |    21 |       |       |       |       |       |       ||    21
       Ring mail         |    12 |       |       |       |       |       |       ||    12
       Chain mail        |       |    50 |   131 |    48 |       |       |       ||   229
       Skin              |       |       |       |     1 |       |       |       ||     1
       Plate armour      |       |       |       |    95 |   289 |   486 |    58 ||   928
Dodge: Dodged            |    63 |    47 |   100 |    96 |   203 |   445 |    66 ||  1020
Block: Kite shield       |       |       |    72 |    56 |       |    57 |    94 ||   279
       Tower shield      |       |       |       |   256 |  1131 |  1445 |       ||  2832
       Reflection        |       |       |       |    15 |    45 |    46 |     6 ||   112
